AoeStats
← Dickus Giganticus

MegaRandom

510541000Analyzed
3v3 RM · 1d ago on Oct 1, 2026· 14m 8s· 6 players
Game mode
Random Map
Map size
Normal (6 player)
Population
200
Speed
Normal
Resources
Standard
Victory
Conquest
Starting age
Dark Age
Ending age
Imperial Age
RankedLock teamsTeams togetherTeam positionsShared explorationLock speedFull tech treeHidden civsTurbo modeCheats
Victory
Defeat
🇦🇺 Romans · Australia
1243
+16
🇹🇷 Armenians · Türkiye
1238
+16
🇭🇰 Maya · Hong Kong SAR China
1087
+23
🇦🇷 Koreans · Argentina
1247
-19
🇩🇪 Spanish · Germany
1232
-18
🇩🇪 Mongols · Germany
1222
-18
Kmoral91[Crassus GER]
6:43 Loom
13:45 Feudal Age
3ScarFac3
11:35 Feudal Age
16:05 Castle Age
rloy
5:12 Loom
12:04 Feudal Age
Milkus Dilkus
2:45 Loom
11:28 Feudal Age
11:34 Man-at-Arms
12:23 Long Swordsman
13:47 Forging
14:25 Arson
Arfah
6:42 Loom
9:38 Feudal Age
10:38 Man-at-Arms
11:30 Scale Mail Armor
Dickus Giganticus
12:39 Feudal Age
13:05 Double-Bit Axe
14:25 Fishing Lines
Connection lost

Rejoining the realm…

Still unreachable

The connection could not be restored.

Session expired

The server has moved on; the page needs a fresh start.